AoeStats
← TheQuietRiot

Hideout

507838078Analyzed
1v1 RM · 12d ago on Sep 19, 2026· 73m 52s· 2 players
Game mode
Random Map
Map size
Tiny (2 player)
Population
200
Speed
Normal
Resources
Standard
Victory
Conquest
Starting age
Dark Age
Ending age
Imperial Age
RankedLock teamsTeams togetherTeam positionsShared explorationLock speedFull tech treeHidden civsTurbo modeCheats
Victory
Defeat
🇬🇧 Mongols · United Kingdom
1055
+14
🇬🇧 Teutons · United Kingdom
1016
-14
Murder_RaggaMuffin
10:00 Feudal Age
10:34 Double-Bit Axe
12:59 Loom
15:35 Castle Age
14:31 Forging
19:41 Iron Casting
21:23 Fletching
23:07 Bodkin Arrow
26:34 Wheelbarrow
26:08 Scale Barding Armor
27:30 Husbandry
27:42 Bloodlines
29:02 Hand Cart
34:48 Imperial Age
32:24 Padded Archer Armor
33:27 Gold Mining
33:27 Stone Mining
34:38 Town Watch
36:07 Light Cavalry
37:14 Elite Mangudai
39:28 Ballistics
40:08 Chemistry
39:36 Parthian Tactics
38:55 Hussar
39:43 Horse Collar
40:55 Bracer
41:14 Leather Archer Armor
41:21 Chain Barding Armor
43:18 Bow Saw
43:57 Elite Skirmisher
44:43 Thumb Ring
45:20 Siege Engineers
46:05 Drill
45:11 Capped Ram
51:22 Siege Ram
52:12 Pikeman
52:53 Squires
52:30 Man-at-Arms
53:13 Squires
53:26 Long Swordsman
55:04 Two-Handed Swordsman
62:54 Elite Steppe Lancer
68:27 Champion
70:23 Town Patrol
TheQuietRiot
7:31 Loom
10:45 Feudal Age
11:15 Double-Bit Axe
11:11 Horse Collar
17:40 Castle Age
19:14 Bloodlines
19:00 Pikeman
21:45 Forging
24:49 Wheelbarrow
24:34 Bow Saw
24:36 Squires
28:02 Iron Casting
29:21 Heavy Plow
32:23 Gold Mining
32:24 Stone Mining
32:46 Scale Mail Armor
32:49 Padded Archer Armor
36:21 Imperial Age
34:16 Hand Cart
34:19 Town Watch
35:12 Leather Archer Armor
36:08 Ballistics
36:49 Town Patrol
36:48 Gambesons
37:38 Ring Archer Armor
38:11 Chemistry
41:07 Two-Man Saw
40:40 Crop Rotation
41:16 Blast Furnace
40:08 Arson
39:55 Halberdier
42:26 Siege Engineers
42:47 Conscription
43:31 Chain Mail Armor
49:48 Plate Mail Armor
54:15 Scale Barding Armor
54:36 Crenellations
54:37 Ironclad
Connection lost

Rejoining the realm…

Still unreachable

The connection could not be restored.

Session expired

The server has moved on; the page needs a fresh start.